 Dungeon Crawl Stone Soup version 0.28.0 (webtiles) character file.

Game seed: 4421242852613551846

204 browni3141 the Chopper (level 5, -3/47 HPs)
             Began as a Minotaur Berserker on Feb 17, 2022.
             Was a Believer of Trog.
             Slain by a scorpion (6 damage)
             ... on level 4 of the Dungeon.
             The game lasted 00:01:42 (2612 turns).

browni3141 the Chopper (Minotaur Berserker)         Turns: 2612, Time: 00:01:44

Health: -3/47      AC: 10    Str: 23    XL:     5   Next: 52%
Magic:  4/4        EV:  8    Int:  4    God:    Trog [**....]
Gold:   119        SH:  0    Dex: 10    Spells: 4/4 levels left

rFire   . . .      SeeInvis .   m - +0 war axe
rCold   . . .      Faith    .   l - orb {mayhem}
rNeg    . . .      Spirit   .   h - +0 chain mail
rPois   .          Reflect  .   f - +1 hat
rElec   .          Harm     .   (no cloak)
rCorr   .          Rampage  .   (no gloves)
Will    +....                   (no boots)
Stlth   ..........              g - amulet of regeneration
HPRegen 0.95/turn               M - ring of willpower
MPRegen 0.09/turn               (no ring)

@: no status effects
A: horns 2, retaliatory headbutt
a: Renounce Religion, Berserk, Trog's Hand


You were on level 4 of the Dungeon.
You worshipped Trog.
Trog was pleased with you.
You visited 1 branch of the dungeon, and saw 4 of its levels.

You collected 119 gold pieces.


Innate Abilities, Weirdness & Mutations

You have a pair of horns on your head.
You reflexively headbutt those who attack you in melee.


   Skills:
 + Level 4.9 Fighting
 * Level 5.9 Axes
 + Level 4.0 Armour
 - Level 2.1 Dodging


You had 4 spell levels left.
You didn't know any spells.
Your spell library was empty.

Inventory:

Hand Weapons
 a - a +0 hand axe
 m - a +0 war axe (weapon)
Armour
 b - a +0 animal skin
 f - a +1 hat (worn)
 h - a +0 chain mail (worn)
 l - an orb of mayhem (worn)
Jewellery
 g - an amulet of regeneration (around neck)
 F - a ring of fire
 M - a ring of willpower (left hand)
Scrolls
 c - 3 scrolls of identify {unknown}
 d - a scroll of teleportation {unknown}
 j - 2 scrolls of immolation {unknown}
 k - a scroll of fog {unknown}
Potions
 e - a potion of resistance {unknown}
 i - a potion of magic {unknown}

Dungeon Overview and Level Annotations

Branches:
Dungeon (4/15)
 Temple: D:4-7

Altars:

#).......# .
##...$....#
..##.........#
.............#
.......<.....# #
.............#.#
...............#
.#......s...#..#
#.......@..#..##
##............o.
#........#.....
#...........###.
#...........#
#...J.......#
#.......!...#
#...).......#
#..........#


You could see a jelly, an orc and a neutral scorpion (fast, strong, insane).


Message History

Trog accepts your kill.
The scorpion flies into a frenzy!
The scorpion stings you.
* * * LOW HITPOINT WARNING * * *
The scorpion stings you!
* * * LOW HITPOINT WARNING * * *
Your Armour skill increases to level 4!
You are too injured to fight recklessly!
A jelly comes into view.
Found a hand crossbow.
The jelly quivers.
The scorpion stings you.
* * * LOW HITPOINT WARNING * * *
An orc comes into view. It is wielding a +0 hand axe.
The orc shouts!
The scorpion stings the kobold.
The kobold is poisoned.
The scorpion poisons the kobold!
The kobold hits you with a +0 whip.
* * * LOW HITPOINT WARNING * * *
The scorpion stings the kobold!
The kobold dies!
Trog accepts your kill.
You are too injured to fight recklessly!
You are too injured to fight recklessly!
You are too injured to fight recklessly!
The scorpion stings you.
* * * LOW HITPOINT WARNING * * *
Things that are here:
a +0 whip; 18 gold pieces; a kobold corpse You are too injured to fight recklessly!
You barely miss the scorpion. The scorpion stings you.
You die...

Skill      XL: |  1  2  3  4  5 |
---------------+----------------+-----
Axes           | 4 5 |  5.9
Fighting       | 4 |  4.9
Armour         | 3 4 |  4.0
Dodging        | |  2.1

Action                   |  1- 3 |  4- 6 || total
-------------------------+-------+-------++-------
Melee: Hand axe          |    84 |    65 ||   149
       Headbutt          |    13 |     9 ||    22
       War axe           |       |     6 ||     6
Invok: Berserk           |       |     1 ||     1
Armor: Animal skin       |    12 |       ||    12
       Chain mail        |    13 |    27 ||    40
Dodge: Dodged            |    52 |    27 ||    79

Levels and vault maps discovered:
D:1:      tarquinn_simple_flora_water_c, layout_rooms
D:2:      layout_basic, minmay_between
D:3:      layout_loops_corners, nicolae_overflow_ecumenical_swirl
D:4:      layout_rooms, mainiacjoe_overflow_surrounded_room, glass_columns_a,
          guppyfry_shop_venom

Notes
Turn   | Place    | Note
-------+----------+-------------------------------------------
     0 | D:1      | browni3141 the Minotaur Berserker began the quest for the
                  | Orb.
     0 | D:1      | Reached XP level 1. HP: 19/19 MP: 0/0
   173 | D:1      | Reached skill level 4 in Axes
   174 | D:1      | Reached XP level 2. HP: 25/27 MP: 1/1
   224 | D:1      | You fall into a shaft and drop 1 floor!
   245 | D:2      | Reached skill level 4 in Fighting
   448 | D:1      | Reached skill level 3 in Armour
   449 | D:1      | Reached ** piety under Trog
   450 | D:1      | Reached XP level 3. HP: 18/33 MP: 2/2
  1571 | D:3      | Reached XP level 4. HP: 41/41 MP: 3/3
  1606 | D:3      | Reached skill level 5 in Axes
  1742 | D:3      | Reached XP level 5. HP: 27/47 MP: 4/4
  2497 | D:3      | Found a faded altar of an unknown god.
  2609 | D:4      | Reached skill level 4 in Armour
  2611 | D:4      | HP: 2/47 [scorpion (4)]
  2612 | D:4      | Slain by a scorpion

Vanquished Creatures
  An orc priest (D:3)
  An iguana (D:4)
  4 adders
  3 gnolls (D:3)
  A dart slug (D:2)
  6 orcs (D:3)
  4 endoplasms
  5 giant cockroaches
  11 goblins
  6 hobgoblins
  6 jackals
  3 quokkas
  8 ball pythons
  2 bats
  2 frilled lizards
  4 kobolds
  3 rats
70 creatures vanquished.

Vanquished Creatures (collateral kills)
  An orc (D:3)
  A kobold (D:4)
2 creatures vanquished.

Vanquished Creatures (others)
  An orc priest (D:3)
1 creature vanquished.

Grand Total: 73 creatures vanquished

Table legend: (Time is in decaauts)
 A = Elapsed time spent in this place.
 B = Non-inter-level travel time spent in this place.
 C = Inter-level travel time spent in this place.
 D = Time resting spent in this place.
 E = Time spent auto-exploring this place.
 F = Levels seen in this place.
 G = Mean time per level.
                   A        B        C        D        E       F      G
               +--------+--------+--------+--------+--------+-----+--------+
         Total |   2628 |   2488 |    140 |     31 |   2058 |   4 |  657.0 |
       Dungeon |   2628 |   2488 |    140 |     31 |   2058 |   4 |  657.0 |
               +--------+--------+--------+--------+--------+-----+--------+

Top non-repeatable levels by time:
     D:3: 1180 daAuts
     D:1: 841 daAuts
     D:2: 593 daAuts
     D:4: 12 daAuts

Table legend:
 A = Non-vault XP
 B = Vault XP
 C = Vault XP percentage of total XP
 D = Non-vault monster count
 E = Vault monster count
 F = Vault count percentage of total count
                 A         B        C        D         E       F
            +---------+---------+-------+---------+---------+-------
      Total |     286 |       6 |   2.1 |      69 |       4 |   5.5
            +---------+---------+-------+---------+---------+-------
        D:1 |      27 |       0 |   0.0 |      18 |       0 |   0.0
        D:2 |      46 |       6 |  11.5 |      19 |       4 |  17.4
        D:3 |     174 |       0 |   0.0 |      29 |       0 |   0.0
        D:4 |      39 |       0 |   0.0 |       3 |       0 |   0.0
            +---------+---------+-------+---------+---------+-------
